 Dungeon Crawl Stone Soup version 0.28-b1-1-g3c77fb2ed1 (webtiles) character file.

Game seed: 3343068588863284721

158 Descartes the Charlatan (level 5, -1/28 HPs)
             Began as a Deep Elf Wanderer on Jan 30, 2022.
             Slain by a gnoll (7 damage)
             ... on level 3 of the Dungeon.
             The game lasted 00:06:56 (3355 turns).

Descartes the Charlatan (Deep Elf Wanderer)         Turns: 3355, Time: 00:06:57

Health: -1/28      AC:  2    Str:  9    XL:     5   Next: 16%
Magic:  3/11       EV: 11    Int: 18    God:
Gold:   63         SH:  0    Dex: 15    Spells: 8/10 levels left

rFire   . . .      SeeInvis .   l - +8 club
rCold   . . .      Faith    .   (no shield)
rNeg    . . .      Spirit   .   b - +0 robe
rPois   .          Reflect  .   (no helmet)
rElec   .          Harm     .   (no cloak)
rCorr   .          Rampage  .   (no gloves)
Will    .....                   (no boots)
Stlth   ++........              (no amulet)
HPRegen 0.09/turn               (no ring)
MPRegen 0.12/turn               (no ring)

@: very slightly contaminated
A: no striking features
a: no special abilities


You were on level 3 of the Dungeon.
You visited 1 branch of the dungeon, and saw 3 of its levels.

You collected 63 gold pieces.

Inventory:

Hand Weapons
 a - a +0 dagger
 l - a +8 club (weapon)
 p - a +0 dagger of holy wrath
Missiles
 h - 89 stones
 j - 16 arrows
 n - 2 poisoned darts
Armour
 b - a +0 robe (worn)
Wands
 c - a wand of polymorph (5) (quivered)
Scrolls
 e - a scroll of teleportation {unknown}
 f - a scroll of fear {unknown}
 g - a scroll of immolation {unknown}
 i - a scroll of identify {unknown}
 k - a scroll of enchant weapon {unknown}
Potions
 d - a potion of flight {unknown}
 m - 2 potions of berserk rage {unknown}
 o - a potion of invisibility {unknown}


   Skills:
 - Level 1.2 Stealth
 - Level 3.0 Spellcasting
 + Level 3.1 Conjurations
 - Level 2.6 Hexes
 + Level 3.1 Fire Magic
 + Level 2.2 Air Magic
 - Level 4.3 Evocations


You had 8 spell levels left.
You knew the following spells:

 Your Spells              Type           Power      Damage    Failure   Level
a - Foxfire               Conj/Fire      52%        2x1d6     4%          1
b - Shock                 Conj/Air       48%        1d6       5%          1

Your spell library contained the following spells:

 Spells                   Type           Power      Damage    Failure   Level
 Magic Dart               Conj           52%        1d5       4%          1
 Slow                     Hex            48%        N/A       5%          1
 Searing Ray              Conj           26%        2d5       7%          2
 Summon Small Mammal      Summ           8%         N/A       16%         1
 Confusing Touch          Hex            12%        N/A       16%         3
 Mephitic Cloud           Conj/Pois/Air  9%         N/A       24%         3
 Ignite Poison            Fire/Tmut/Pois 6%         N/A       32%         3
 Fulminant Prism          Conj/Hex       6%         3d7       45%         4
 Freezing Cloud           Conj/Ice/Air   4%         6-21      91%         5


Dungeon Overview and Level Annotations

Branches:
Dungeon (3/15)

Altars:

Annotations:
D:3 1 runed translucent door, Crazy Yiuf


Message History

The gnoll is moderately wounded.
The foxfire hits the gnoll.
The gnoll is heavily wounded.
The gnoll hits you from afar with a +0 spear.
* * * LOW HITPOINT WARNING * * *
The foxfire hits the gnoll but does no damage.
The gnoll is heavily wounded.
The foxfire hits the gnoll.
The gnoll is severely wounded.
The foxfire hits the gnoll.
The gnoll is almost dead.
The foxfire hits the gnoll.
You kill the gnoll!
Your Conjurations skill increases to level 3!
Casting: Foxfire (safe; 4% risk of failure)
Confirm with . or Enter, or press ? or * to list all spells.
You conjure some foxfire!
The foxfire hits the gnoll.
The gnoll is heavily wounded.
The foxfire hits the gnoll.
The gnoll is severely wounded.
Casting: Foxfire (safe; 4% risk of failure)
Confirm with . or Enter, or press ? or * to list all spells.
You conjure some foxfire!
The foxfire hits the gnoll.
You kill the gnoll!
The foxfire hits the gnoll.
The gnoll is severely wounded.
Casting: Foxfire (safe; 4% risk of failure)
Confirm with . or Enter, or press ? or * to list all spells.
You conjure some foxfire!
The foxfire hits the gnoll.
The gnoll is severely wounded.
The foxfire hits the gnoll.
The gnoll is almost dead.
Casting: Foxfire (safe; 4% risk of failure)
Confirm with . or Enter, or press ? or * to list all spells.
You miscast Foxfire.
You are very lightly contaminated with residual magic.
Nothing appears to happen.
The gnoll misses you. The gnoll hits you with a +0 whip!
You die...

#.######.......##.#
#.### #.......##.#
###...####.......##.#
#.......##..........#
#.#......#.......####
#.#.#.#..#.......#
###
#.#...#..#.......#
#?.
#.#..##..#########
#.# #....@g<.# #.#
###....#.## #.#
##.)###)###### #.#
#.## ##...g.# #.#
##.###.####g#####.#
##.#.## #..g.gg..
##.## ########. #.#
#. #.# ##


You could see a gnoll.

Vanquished Creatures
  Jessica (D:2)
  3 gnolls (D:3)
  3 adders (D:2)
  A worm (D:2)
  2 dart slugs
  An orc (D:3)
  3 ball pythons
  5 endoplasms
  3 giant cockroaches (D:1)
  4 goblins
  10 hobgoblins
  4 jackals (D:3)
  2 quokkas
  5 bats
  A frilled lizard (D:1)
  8 kobolds
  8 rats
64 creatures vanquished.

Vanquished Creatures (collateral kills)
  2 foxfires (D:3)
2 creatures vanquished.

Vanquished Creatures (others)
  293 foxfires
293 creatures vanquished.

Grand Total: 359 creatures vanquished

Notes
Turn   | Place    | Note
-------+----------+-------------------------------------------
     0 | D:1      | Descartes the Deep Elf Wanderer began the quest for the
                  | Orb.
     0 | D:1      | Descartes set off with the following items: a +0 dagger, a
                  | +0 robe, a wand of polymorph (5); and the following spells
                  | available to memorise: Slow, Foxfire, Shock, Summon Small
                  | Mammal, Confusing Touch, Ignite Poison
     0 | D:1      | Reached XP level 1. HP: 10/10 MP: 6/6
     2 | D:1      | Learned a level 1 spell: Foxfire
     4 | D:1      | Learned a level 1 spell: Shock
   208 | D:1      | Reached skill level 1 in Fire Magic
   286 | D:1      | Reached skill level 1 in Conjurations
   339 | D:1      | Reached XP level 2. HP: 15/15 MP: 2/8
  1645 | D:2      | Reached XP level 3. HP: 19/19 MP: 5/9
  1810 | D:2      | Reached skill level 1 in Air Magic
  1912 | D:2      | Noticed Jessica
  1917 | D:2      | Killed Jessica
  1918 | D:2      | Reached XP level 4. HP: 24/24 MP: 5/10
  3023 | D:3      | Found a runed translucent door.
  3024 | D:3      | Noticed Crazy Yiuf
  3160 | D:3      | Reached XP level 5. HP: 12/28 MP: 0/11
  3355 | D:3      | Slain by a gnoll

Illustrated notes

Levels and vault maps discovered:
D:1:      scummos_arrival_simple_crosswalls, layout_loops_corners,
          chequers_serial_rivers_small_3, nrook_loot_triangle
D:2:      layout_rooms, fountainhead, st_stairs_9, corexii_corridor_pit,
          uniq_jessica
D:3:      layout_loops_cross, uniq_crazy_yiuf_cottage, uniq_terence,
          uniq_sigmund

Skill      XL: |  1  2  3  4  5 |
---------------+----------------+-----
Fire Magic     | 1 2 3 |  3.1
Conjurations   | 1 2 3 |  3.1
Air Magic      | 1 2 |  2.2
Stealth        | |  1.2
Spellcasting   | |  3.0
Hexes          | |  2.6
Evocations     | |  4.3

Action                   |  1- 3 |  4- 6 || total
-------------------------+-------+-------++-------
Melee: Dagger            |     5 |       ||     5
       Club              |       |     5 ||     5
 Cast: Foxfire           |    86 |    94 ||   180
       Shock             |     6 |     5 ||    11
Armor: Robe              |    11 |       ||    11
Dodge: Dodged            |    13 |    10 ||    23
